 Dungeon Crawl Stone Soup version 0.28-a0-724-g66f9036eb4 (webtiles) character file.

Game seed: 5846947437471565154

3207 kae the Cleaver (level 9, -10/81 HPs)
             Began as a Hill Orc Cinder Acolyte on Oct 26, 2021.
             Was a High Priest of Ignis.
             Mangled by a two-headed ogre (17 damage)
             ... on level 8 of the Dungeon.
             The game lasted 00:09:34 (10635 turns).

kae the Cleaver (Hill Orc Cinder Acolyte)          Turns: 10635, Time: 00:09:35

Health: -10/81     AC:  9    Str: 17    XL:     9   Next: 97%
Magic:  10/15      EV: 10    Int: 17    God:    Ignis [*****.]
Gold:   180        SH:  0    Dex:  6    Spells: 11/17 levels left

rFire   + . .      SeeInvis .   a - -1 hand axe (flame)
rCold   . . .      Faith    .   (no shield)
rNeg    . . .      Spirit   .   m - +0 ring mail
rPois   .          Reflect  .   (no helmet)
rElec   .          Harm     .   (no cloak)
rCorr   .          Rampage  .   e - +0 pair of gloves
Will    .....                   n - +2 pair of boots {Stlth+}
Stlth   +.........              r - amulet of regeneration
HPRegen 1.23/turn               (no ring)
MPRegen 0.14/turn               (no ring)

@: no status effects
A: no striking features
a: Renounce Religion, Sea of Fire, Foxfire Swarm, Rising Flame


You were on level 8 of the Dungeon.
You worshipped Ignis.
Ignis was extremely pleased with you.
You visited 1 branch of the dungeon, and saw 8 of its levels.

You collected 367 gold pieces.
You spent 187 gold pieces at shops.

Inventory:

Hand Weapons
 a - a -1 hand axe of flaming (weapon)
 c - a +0 hand axe
 f - a +0 hand axe
Armour
 b - a +0 robe
 e - a +0 pair of gloves (worn)
 m - a +0 ring mail (worn)
 n - a +2 pair of boots of stealth (worn)
Jewellery
 j - a +6 ring of strength
 r - an amulet of regeneration (around neck)
Wands
 h - a wand of flame (24)
 x - a wand of polymorph (6)
Scrolls
 l - a scroll of blinking
 o - a scroll of identify
 w - a scroll of teleportation
Potions
 d - 2 potions of berserk rage
 g - 5 potions of flight
 i - 2 potions of might
 k - a potion of ambrosia
 p - a potion of degeneration
 q - a potion of attraction
 s - a potion of haste
 t - 3 potions of brilliance
 u - a potion of curing
 v - 2 potions of mutation


   Skills:
 + Level 8.2 Fighting
 * Level 11.9 Axes
 + Level 4.6 Spellcasting
 + Level 7.4 Fire Magic


You had 11 spell levels left.
You knew the following spells:

 Your Spells              Type           Power      Damage    Failure   Level
a - Scorch                Fire           58%        2d7       1%          2
b - Sticky Flame          Conj/Fire      16%        2d4       52%         4

Your spell library contained the following spells:

 Spells                   Type           Power      Damage    Failure   Level
 Animate Skeleton         Necr           6%         N/A       28%         1
 Pain                     Necr           12%        1d4       28%         1
 Corpse Rot               Necr/Air       6%         N/A       38%         2
 Poisonous Vapours        Pois/Air       6%         N/A       38%         2
 Static Discharge         Conj/Air       3%         N/A       38%         2
 Vampiric Draining        Necr           1%         2d6       63%         3
 Dispel Undead            Necr           3%         3d7       95%         4


Dungeon Overview and Level Annotations

Branches:
Dungeon (8/15)             Temple (0/1) D:7
   Lair: D:8-11

Altars:
Fedhas
Nemelex Xobeh
Okawaru
Qazlal
Ru

Shops:
D:5 [   D:8 **

Annotations:
D:2 1 runed translucent door, Crazy Yiuf


Message History

A two-headed ogre is nearby!
The two-headed ogre shouts in stereo!
Casting: Scorch (safe; 1% risk of failure)
Confirm with . or Enter, or press ? or * to list all spells.
You can't see any susceptible monsters within range! (Use Z to cast anyway.)
Casting: Scorch (safe; 1% risk of failure)
Confirm with . or Enter, or press ? or * to list all spells.
You can't see any susceptible monsters within range! (Use Z to cast anyway.)
Casting: Scorch (safe; 1% risk of failure)
Confirm with . or Enter, or press ? or * to list all spells.
You can't see any susceptible monsters within range! (Use Z to cast anyway.) Drop what? 24/52 slots (_ for help) (? for menu, Esc to quit)
Okay, then.
Casting: Scorch (safe; 1% risk of failure)
Confirm with . or Enter, or press ? or * to list all spells.
Flames lash the two-headed ogre.
The two-headed ogre is lightly wounded.
The two-headed ogre's fire resistance burns away.
Casting: Scorch (safe; 1% risk of failure)
Confirm with . or Enter, or press ? or * to list all spells.
Flames lash the ice beast.
The ice beast melts!
The ice beast is moderately wounded.
The ice beast's fire resistance burns away.
The two-headed ogre hits you with a +0 giant spiked club!!
The two-headed ogre closely misses you. The two-headed ogre barely misses you.
The two-headed ogre hits you with a +0 giant club!
Casting: Scorch (safe; 1% risk of failure)
Confirm with . or Enter, or press ? or * to list all spells.
Flames lash the ice beast.
The ice beast melts!
The ice beast is severely wounded.
The two-headed ogre closely misses you.
The two-headed ogre hits you with a +0 giant club!
You hit the two-headed ogre. You burn the two-headed ogre.
The two-headed ogre is moderately wounded.
The two-headed ogre is no longer more vulnerable to fire.
The two-headed ogre hits you with a +0 giant spiked club!!
* * * LOW HITPOINT WARNING * * *
The two-headed ogre hits you with a +0 giant club!
You die...

.................#......###
################.########
#.# #.# #.# #.# ## #.# .###
#.# ...# #@# O#.# #O# z#.#
#Y# Y#.# #.# ##### ...#
#.## ##...## Y###
#..###.....## ...#
#..##.......# ##.#
#...........# ##Y#
#.##....(...#


You could see a two-headed ogre and an ice beast (combustible).

Vanquished Creatures
  A two-headed ogre (D:8)
  A wyvern (D:8)
  A steam dragon (D:8)
  A water moccasin (D:7)
  3 orc warriors
  A black bear (D:7)
  A sky beast (D:7)
  A hornet zombie (D:7)
  An ice beast (D:7)
  2 necrophages (D:6)
  An ogre (D:6)
  2 centaurs (D:8)
  Blork the orc (D:4)
  A kobold brigand (D:6)
  A bullfrog (D:8)
  A wyvern zombie (D:6)
  A scorpion (D:5)
  4 howler monkeys
  A centaur zombie (D:8)
  2 bullfrog zombies
  2 hounds
  2 orc priests
  A bullfrog skeleton (D:7)
  3 iguanas
  Natasha (thrice) (D:3)
  5 orc wizards
  A gnoll (D:1)
  6 adders
  A white imp (D:6)
  2 ufetubi
  A worm (D:3)
  3 dart slugs
  28 orcs
  5 ball pythons
  5 bats
  6 endoplasms
  4 giant cockroaches
  6 hobgoblins
  6 jackals
  12 kobolds
  A quokka (D:1)
  2 frilled lizards
  8 goblins
  5 rats
146 creatures vanquished.

Vanquished Creatures (others)
  An orc wizard (D:6)
1 creature vanquished.

Grand Total: 147 creatures vanquished

Notes
Turn   | Place    | Note
-------+----------+-------------------------------------------
     0 | D:1      | kae the Hill Orc Cinder Acolyte began the quest for the
                  | Orb.
     0 | D:1      | Reached XP level 1. HP: 19/19 MP: 2/2
   101 | D:1      | Reached XP level 2. HP: 27/27 MP: 3/3
   127 | D:1      | Found a faded altar of an unknown god.
   461 | D:1      | Reached XP level 3. HP: 8/33 MP: 4/4
   911 | D:1      | Learned a level 2 spell: Scorch
  1535 | D:2      | Reached skill level 5 in Axes
  1723 | D:2      | Found a sacrificial altar of Ru.
  1825 | D:2      | Reached XP level 4. HP: 40/40 MP: 6/6
  2439 | D:2      | Found a runed translucent door.
  2440 | D:2      | Noticed Crazy Yiuf
  2662 | D:3      | Noticed Natasha
  2667 | D:3      | Killed Natasha
  2668 | D:3      | Reached XP level 5. HP: 47/47 MP: 2/7
  3476 | D:3      | Noticed Natasha
  3485 | D:3      | Killed Natasha
  3485 | D:3      | Noticed Natasha
  3497 | D:3      | Killed Natasha
  3498 | D:3      | Reached skill level 6 in Axes
  3735 | D:4      | Noticed Blork the orc
  3754 | D:4      | Killed Blork the orc
  3755 | D:4      | Reached XP level 6. HP: 42/55 MP: 1/9
  4023 | D:4      | Reached skill level 5 in Fighting
  4590 | D:4      | Found an iron altar of Okawaru.
  4802 | D:5      | Entered Level 5 of the Dungeon
  5305 | D:5      | Noticed an acid dragon
  5362 | D:5      | Found Dotaycs's Antique Armour Shoppe.
  5376 | D:5      | Bought a pair of runed boots for 187 gold pieces
  5429 | D:5      | Reached skill level 7 in Axes
  5429 | D:5      | Reached XP level 7. HP: 42/61 MP: 3/10
  6374 | D:6      | Reached skill level 5 in Fire Magic
  6541 | D:6      | Reached skill level 8 in Axes
  6628 | D:6      | Reached XP level 8. HP: 70/70 MP: 0/12
  6884 | D:6      | You fall into a shaft and drop 1 floor!
  6932 | D:7      | Found a staircase to the Ecumenical Temple.
  7147 | D:6      | Identified the +0 robe of Leaves {+Inv}
  8066 | D:7      | Reached skill level 9 in Axes
  8724 | D:7      | Reached skill level 10 in Axes
  8724 | D:7      | Reached XP level 9. HP: 75/79 MP: 4/14
  9053 | D:7      | Learned a level 4 spell: Sticky Flame
  9169 | D:8      | Found a stormy altar of Qazlal.
  9169 | D:8      | Found a blossoming altar of Fedhas.
  9224 | D:8      | Found a sparkling altar of Nemelex Xobeh.
  9568 | D:8      | Noticed a two-headed ogre
  9592 | D:8      | Killed a two-headed ogre
  9593 | D:8      | Reached skill level 11 in Axes
  9616 | D:8      | Found Nenutikhoe's General Store.
  9620 | D:8      | Found Uthriuxto's Specific Store.
  9662 | D:8      | HP: 1/81 [orc warrior (15)]
 10308 | D:8      | Noticed a two-headed ogre
 10635 | D:8      | Mangled by a two-headed ogre

Illustrated notes

Levels and vault maps discovered:
D:1:      minmay_arrival_semitransparent, layout_basic,
          shapermc_ecumenical_altar_flowoftime, bh_walls_and_bars
D:2:      layout_basic, basic_altar, uniq_crazy_yiuf_cottage
D:3:      layout_basic, serial_corexii_hall, corexii_hall_statues_x,
          corexii_hall_statues_u, uniq_natasha
D:4:      layout_loops_ring, lemuel_doored_altar, minmay_misc_feat_five,
          uniq_blork_the_orc
D:5:      layout_rooms, serial_shops, shop, corexii_item_surrounded_by_moat
D:6:      layout_basic, minivault_24
D:7:      layout_cave_pools, minmay_temple_entry_sparse_star
D:8:      minmay_the_grid_square_5x5_3x3 [minmay_the_grid_square_5x5_bite,
          minmay_the_grid_square_5x5_eight,
          minmay_the_grid_square_5x5_misaligned,
          minmay_the_grid_square_5x5_tri_point,
          minmay_the_grid_square_5x5_megaprize_checkered,
          minmay_the_grid_square_5x5_doubleslash,
          minmay_the_grid_square_5x5_sharp_hourglass,
          minmay_the_grid_square_5x5_minimal,
          minmay_the_grid_square_5x5_shrine2], layout_layer_cave,
          gammafunk_temple_overflow_forgotten, nicolae_specific_store

Skill      XL: |  1  2  3  4  5  6  7  8  9 |
---------------+----------------------------+-----
Fighting       | 4 5 6 7 8 |  8.2
Axes           | 5 6 7 8 10 11 | 11.9
Fire Magic     | 4 5 6 7 |  7.4
Spellcasting   | 2 3 4 |  4.6

Action                   |  1- 3 |  4- 6 |  7- 9 || total
-------------------------+-------+-------+-------++-------
Melee: Hand axe          |    71 |    41 |    66 ||   178
       Unarmed           |       |       |    14 ||    14
 Cast: Scorch            |    11 |    58 |   151 ||   220
  Use: Scroll            |     2 |    11 |    14 ||    27
       Potion            |     1 |       |     3 ||     4
 Stab: Confused          |       |       |     2 ||     2
Armor: Robe              |    15 |     9 |       ||    24
       Ring mail         |       |     8 |   127 ||   135
       Skin              |       |       |     2 ||     2
Dodge: Dodged            |    44 |    48 |   184 ||   276

Table legend: (Time is in decaauts)
 A = Elapsed time spent in this place.
 B = Non-inter-level travel time spent in this place.
 C = Inter-level travel time spent in this place.
 D = Time resting spent in this place.
 E = Time spent auto-exploring this place.
 F = Levels seen in this place.
 G = Mean time per level.
                   A        B        C        D        E       F      G
               +--------+--------+--------+--------+--------+-----+--------+
         Total |  10657 |  10191 |    466 |   3019 |   5576 |   8 | 1332.1 |
       Dungeon |  10657 |  10191 |    466 |   3019 |   5576 |   8 | 1332.1 |
               +--------+--------+--------+--------+--------+-----+--------+

Top non-repeatable levels by time:
     D:4: 1966 daAuts
     D:7: 1840 daAuts
     D:1: 1685 daAuts
     D:6: 1558 daAuts
     D:3: 1083 daAuts
     D:2: 956 daAuts
     D:8: 824 daAuts
     D:5: 743 daAuts
